Philadelphia Flyers vs Detroit Red Wings
Created - Saturday, May 24, 2025 at 08:27
Goals
|
| Philadelphia Flyers |
0 |
0 |
1 |
1 |
| Detroit Red Wings |
3 |
1 |
2 |
6 |
|
Shots
|
| Philadelphia Flyers |
15 |
10 |
5 |
30 |
| Detroit Red Wings |
7 |
16 |
11 |
34 |
|
1st period
1. Detroit Red Wings , Steven Stamkos 44 (Patrick Kane 47, Jeff Petry 20) at 4:37
2. Detroit Red Wings , Carter Verhaeghe 21 (Zachary Werenski 30) at 5:26
3. Detroit Red Wings , Steven Stamkos 45 (Patrick Kane 48) at 11:58
Penalties :
No Penalty
2nd period
4. Detroit Red Wings , Carter Verhaeghe 22 (Tyler Johnson 18, Shayne Gostisbehere 28) at 18:10
Penalties :
Marcus Johansson (PHI) for Cross-checking (Minor) at 6:20
3rd period
5. Detroit Red Wings , Steven Stamkos 46 (Erik Brannstrom 19, Patrick Kane 49) at 3:13 (PP)
6. Detroit Red Wings , Mika Zibanejad 49 (Carter Verhaeghe 46) at 4:27
7. Philadelphia Flyers , Cody Glass 25 (Trevor van Riemsdyk 14, Sean Kuraly 31) at 8:09 (PP)
Penalties :
Carter Verhaeghe (DET) for Cross-checking (Minor) at 0:03, Joshua Brown (PHI) for Tripping (Minor) at 2:32, Jared McCann (DET) for Fighting (Major) at 4:39, Brandon Duhaime (PHI) for Fighting (Major) at 4:39, Brendan Gallagher (DET) for Cross-checking (Minor) at 6:51, Keegan Kolesar (DET) for Holding (Minor) at 7:28, Radek Faksa (PHI) for Slashing (Minor) at 7:34, Jeff Petry (DET) for Fighting (Major) at 12:33, William Borgen (PHI) for Fighting (Major) at 12:33, William Borgen (PHI) for instigated a fight (Minor) at 12:33, William Borgen (PHI) for instigated and being the aggresor in a fight (20 Minutes Game Misconduct) at 12:33
Goalie Stats
Connor Ingram (PHI), 28 saves from 34 shots - (0.824), L, 23-30-5, 60:00 minutes
Calvin Pickard (DET), 29 saves from 30 shots - (0.967), W, 25-22-1, 60:00 minutes
Players Stats for Philadelphia Flyers
Player Name G A P +/- PIM S H SB GA TA FO MP PP MP PK MP
------------------------------------------------------------------------------------
Alex Swetlikoff 0 0 0 -3 0 0 1 1 0 0 0/0 14:01 0:00 0:28
Brandon Duhaime 0 0 0 -1 5 2 1 1 0 0 0/0 12:02 0:00 0:00
Brett Murray 0 0 0 -1 0 3 1 0 1 0 2/2 13:07 0:00 0:00
Casey Cizikas 0 0 0 0 0 2 1 0 1 0 9/13 17:36 1:22 2:11
Cody Glass 1 0 1 0 0 2 2 2 2 0 0/1 14:16 1:20 0:02
Fredrik Olofsson 0 0 0 -1 0 4 0 0 0 0 4/10 13:32 0:00 0:18
Jacob MacDonald 0 0 0 -1 0 0 0 2 0 0 0/0 15:36 0:00 0:27
Jeff Skinner 0 0 0 0 0 4 2 1 0 1 2/2 14:34 1:22 0:00
Joel Edmundson 0 0 0 -1 0 0 2 0 0 0 0/0 20:20 0:00 2:38
Joshua Brown 0 0 0 -1 2 2 2 0 0 0 0/0 17:13 1:25 0:14
Luke Glendening 0 0 0 -1 0 0 1 0 0 1 0/1 14:48 0:00 2:14
Marcel Marcel 0 0 0 -1 0 0 1 1 0 1 0/1 13:07 0:00 0:00
Marcus Johansson 0 0 0 -3 2 0 0 0 0 2 0/0 13:36 1:22 0:00
Radek Faksa 0 0 0 -1 2 3 2 1 0 1 6/18 16:49 1:19 2:01
Sean Kuraly 0 1 1 -3 0 2 3 0 1 1 7/15 16:50 1:20 2:16
Trevor van Riemsdyk 0 1 1 -3 0 1 0 1 1 1 0/0 23:23 1:25 2:15
Vladislav Gavrikov 0 0 0 -3 0 3 3 0 0 3 0/0 23:55 1:17 2:34
William Borgen 0 0 0 -1 27 2 0 3 0 1 0/0 18:32 1:17 1:22
Players Stats for Detroit Red Wings
Player Name G A P +/- PIM S H SB GA TA FO MP PP MP PK MP
------------------------------------------------------------------------------------
Brendan Gallagher 0 0 0 0 2 3 1 0 1 0 0/0 8:04 0:15 0:00
Carter Verhaeghe 2 1 3 3 2 7 3 0 0 0 0/0 18:23 1:57 0:00
Christian Fischer 0 0 0 0 0 0 1 0 0 0 0/0 12:57 0:00 0:59
Daniel Sprong 0 0 0 0 0 3 1 0 0 0 0/0 11:39 0:15 0:00
Erik Brannstrom 0 1 1 0 0 1 0 1 1 1 0/0 15:17 2:31 0:00
Jackson LaCombe 0 0 0 4 0 0 2 1 0 1 0/0 22:03 0:50 1:16
Jared McCann 0 0 0 2 5 1 2 0 1 0 1/1 17:04 2:27 0:00
Jeff Petry 0 1 1 1 5 0 3 2 1 2 0/0 23:02 1:43 2:01
Keegan Kolesar 0 0 0 0 2 0 0 0 0 1 0/0 10:04 0:06 1:26
Kevin Stenlund 0 0 0 0 0 2 0 0 0 0 1/4 9:24 0:15 1:30
Mika Zibanejad 1 0 1 3 0 1 0 1 1 0 13/26 19:41 1:57 1:27
Patrick Kane 0 3 3 2 0 2 1 1 1 0 1/3 18:47 2:33 0:00
Shayne Gostisbehere 0 1 1 4 0 1 1 2 2 0 0/0 20:45 2:18 0:00
Steven Stamkos 3 0 3 2 0 10 1 0 2 1 12/23 19:27 2:33 0:30
Tyler Johnson 0 1 1 3 0 0 2 0 2 0 0/0 17:22 1:57 0:00
Yakov Trenin 0 0 0 0 0 2 2 1 0 0 5/6 14:10 0:00 2:01
Zach Bogosian 0 0 0 0 0 1 0 1 0 0 0/0 13:33 0:00 0:00
Zachary Werenski 0 1 1 1 0 0 3 0 0 0 0/0 22:57 2:08 1:16
3 Stars
1 - Steven Stamkos (DET)
2 - Carter Verhaeghe (DET)
3 - Patrick Kane (DET)
Power Play
Philadelphia Flyers - 1 on 3 Attempt(s) - 33.33%
Detroit Red Wings - 1 on 4 Attempt(s) - 25.00%
Penalty Kill
Philadelphia Flyers - 3 on 4 Attempt(s) - 75.00%
- Score 0 goal in Penalty Kill
Detroit Red Wings - 2 on 3 Attempt(s) - 66.67%
- Score 0 goal in Penalty Kill
Team Stat
Philadelphia Flyers - Hits : 22 - Faceoff Wins : 30 - Blocked Shots : 13 - Penalty Minutes : 38
Detroit Red Wings - Hits : 23 - Faceoff Wins : 33 - Blocked Shots : 10 - Penalty Minutes : 16
Official
Referees : Michael Markovic and Jake Brenk
Linesman : David Brisebois and Travis Toomey
Game Notes
Steven Stamkos has scored a Hat Trick!
Brandon Duhaime beats up Jared McCann at 4:39 of 3rd period
William Borgen beats up Jeff Petry at 12:33 of 3rd period
William Borgen (PHI) for instigated and being the aggresor in a fight (20 Minutes Game Misconduct) at 12:33
William Borgen ejected from game at 12:33 of 3rd period
Finance
Level 1 -- Attendance: 4374 (72.90%) -- Ticket Income $437,400
Level 2 -- Attendance: 3464 (69.28%) -- Ticket Income $207,840
Level 3 -- Attendance: 2256 (75.20%) -- Ticket Income $78,960
Level 4 -- Attendance: 3403 (68.06%) -- Ticket Income $85,075
Luxury Box -- Attendance: 706 (70.60%) -- Ticket Income $141,200
Game was played at the Joe Louis Arena.
Total Attendance: 14203 (71.02%)
Total Ticket Income: $950,475
Other Income: $332,666
Total Income: $1,283,141
Philadelphia Flyers
5 vs 5 Forward
Center Left Wing Right Wing Time % Phy DF OF
1 Casey Cizikas Jeff Skinner Cody Glass 25 0 1 4
2 Sean Kuraly Alex Swetlikoff Marcus Johansson 25 0 2 3
3 Radek Faksa Luke Glendening Brandon Duhaime 25 0 1 4
4 Fredrik Olofsson Brett Murray Marcel Marcel 25 0 2 3
5 vs 5 Defense
Defense Defense Time % Phy DF OF
1 Vladislav Gavrikov Trevor van Riemsdyk 35 0 2 3
2 William Borgen Joel Edmundson 35 0 2 3
3 Jacob MacDonald Joshua Brown 30 0 2 3
4 Vladislav Gavrikov Trevor van Riemsdyk 0 1 2 2
PowerPlay Forward
Center Left Wing Right Wing Time % Phy DF OF
1 Casey Cizikas Jeff Skinner Marcus Johansson 50 0 0 5
2 Sean Kuraly Radek Faksa Cody Glass 50 0 0 5
PowerPlay Defense
Defense Defense Time % Phy DF OF
1 William Borgen Vladislav Gavrikov 50 0 1 4
2 Trevor van Riemsdyk Joshua Brown 50 0 1 4
Penalty Kill 4 Players Forward
Center Wing Time % Phy DF OF
1 Casey Cizikas Radek Faksa 50 0 5 0
2 Sean Kuraly Luke Glendening 50 0 5 0
Penalty Kill 4 Players Defense
Defense Defense Time % Phy DF OF
1 Vladislav Gavrikov Trevor van Riemsdyk 50 0 5 0
2 William Borgen Joel Edmundson 50 0 5 0
Penalty Kill - 3 Players Forward
Forward Time % Phy DF OF
1 Casey Cizikas 50 0 5 0
2 Radek Faksa 50 0 5 0
Penalty Kill - 3 Players Defense
Defense Defense Time % Phy DF OF
1 Vladislav Gavrikov Trevor van Riemsdyk 50 0 5 0
2 William Borgen Joel Edmundson 50 0 5 0
4 vs 4 Forward
Center Wing Time % Phy DF OF
1 Jeff Skinner Casey Cizikas 50 0 1 4
2 Sean Kuraly Cody Glass 50 0 1 4
4 vs 4 Defense
Defense Defense Time % Phy DF OF
1 Vladislav Gavrikov Trevor van Riemsdyk 50 0 2 3
2 William Borgen Joel Edmundson 50 0 2 3
Last Minutes Offensive
Center Left Wing Right Wing Defense Defense
Casey Cizikas Jeff Skinner Sean Kuraly William Borgen Vladislav Gavrikov
Last Minutes Defensive
Center Left Wing Right Wing Defense Defense
Casey Cizikas Radek Faksa Sean Kuraly Vladislav Gavrikov Trevor van Riemsdyk
Goaltenders
Starting : Connor Ingram
Backup : Jake Allen
Extra Forwards
Normal : Alex Swetlikoff, Jeff Skinner, Cody Glass - PP : Alex Swetlikoff, Jeff Skinner - PK : Alex Swetlikoff
Extra Defensemen
Normal : Vladislav Gavrikov, William Borgen, Trevor van Riemsdyk - PP : Vladislav Gavrikov - PK : Vladislav Gavrikov, William Borgen
Penalty Shots
Casey Cizikas, Cody Glass, Jeff Skinner, Alex Swetlikoff, Sean Kuraly
Scratches
Albert Johansson (Healthy), Filip Cederqvist (Healthy), Matthew Seminoff (Healthy), Daniil Misyul (Healthy), Josh Lopina (Healthy)
Detroit Red Wings
5 vs 5 Forward
Center Left Wing Right Wing Time % Phy DF OF
1 Steven Stamkos Jared McCann Patrick Kane 35 1 2 2
2 Mika Zibanejad Carter Verhaeghe Tyler Johnson 35 1 1 3
3 Yakov Trenin Daniel Sprong Christian Fischer 20 1 2 2
4 Kevin Stenlund Brendan Gallagher Keegan Kolesar 10 2 2 1
5 vs 5 Defense
Defense Defense Time % Phy DF OF
1 Zachary Werenski Jeff Petry 40 1 2 2
2 Shayne Gostisbehere Jackson LaCombe 30 1 2 2
3 Erik Brannstrom Zach Bogosian 20 3 1 1
4 Shayne Gostisbehere Jackson LaCombe 10 1 2 2
PowerPlay Forward
Center Left Wing Right Wing Time % Phy DF OF
1 Steven Stamkos Jared McCann Patrick Kane 50 0 1 4
2 Mika Zibanejad Carter Verhaeghe Tyler Johnson 50 0 1 4
PowerPlay Defense
Defense Defense Time % Phy DF OF
1 Shayne Gostisbehere Zachary Werenski 50 1 2 2
2 Erik Brannstrom Jeff Petry 50 1 2 2
Penalty Kill 4 Players Forward
Center Wing Time % Phy DF OF
1 Mika Zibanejad Christian Fischer 50 2 2 1
2 Kevin Stenlund Keegan Kolesar 50 2 2 1
Penalty Kill 4 Players Defense
Defense Defense Time % Phy DF OF
1 Zachary Werenski Jackson LaCombe 50 2 2 1
2 Yakov Trenin Jeff Petry 50 2 2 1
Penalty Kill - 3 Players Forward
Forward Time % Phy DF OF
1 Mika Zibanejad 50 1 2 2
2 Steven Stamkos 50 1 2 2
Penalty Kill - 3 Players Defense
Defense Defense Time % Phy DF OF
1 Zachary Werenski Jackson LaCombe 50 1 2 2
2 Yakov Trenin Jeff Petry 50 2 2 1
4 vs 4 Forward
Center Wing Time % Phy DF OF
1 Mika Zibanejad Carter Verhaeghe 60 1 2 2
2 Steven Stamkos Patrick Kane 40 1 1 3
4 vs 4 Defense
Defense Defense Time % Phy DF OF
1 Zachary Werenski Shayne Gostisbehere 60 1 2 2
2 Jackson LaCombe Jeff Petry 40 1 2 2
Last Minutes Offensive
Center Left Wing Right Wing Defense Defense
Mika Zibanejad Steven Stamkos Carter Verhaeghe Zachary Werenski Jackson LaCombe
Last Minutes Defensive
Center Left Wing Right Wing Defense Defense
Mika Zibanejad Steven Stamkos Carter Verhaeghe Zachary Werenski Jackson LaCombe
Goaltenders
Starting : Calvin Pickard
Backup : Laurent Brossoit
Extra Forwards
Normal : Yakov Trenin, Christian Fischer, Daniel Sprong - PP : Kevin Stenlund, Daniel Sprong - PK : Steven Stamkos
Extra Defensemen
Normal : Shayne Gostisbehere, Jackson LaCombe, Zach Bogosian - PP : Shayne Gostisbehere - PK : Shayne Gostisbehere, Jackson LaCombe
Penalty Shots
Mika Zibanejad, Steven Stamkos, Patrick Kane, Carter Verhaeghe, Jared McCann
Scratches
Alexander Barabanov (Healthy), Kevin Shattenkirk (Healthy), Peyton Krebs (Healthy), Raphael Lavoie (Healthy), Vitek Vanecek (Healthy)
% Time on Ice - Philadelphia Flyers
Lines # - Real PCT - Wanted PCT - Time Play
Normal Forward
1 - 25% - 25% - 12:37
2 - 24% - 25% - 12:22
3 - 25% - 25% - 12:34
4 - 26% - 25% - 13:07
Normal Defense
1 - 32% - 35% - 16:03
2 - 38% - 35% - 19:30
3 - 29% - 30% - 14:29
4 - 1% - 0% - 0:38
PP Forward
1 - 51% - 50% - 1:22
2 - 49% - 50% - 1:20
PP Defense
1 - 48% - 50% - 1:17
2 - 52% - 50% - 1:25
PK Forward
1 - 46% - 50% - 2:11
2 - 54% - 50% - 2:34
PK Defense
1 - 33% - 50% - 1:33
2 - 67% - 50% - 3:12
PK3 Forward
1 - 0% - 50%
2 - 0% - 50%
PK3 Defense
1 - 0% - 50%
2 - 0% - 50%
44 Forward
1 - 49% - 50% - 0:55
2 - 51% - 50% - 0:58
44 Defense
1 - 67% - 50% - 1:16
2 - 33% - 50% - 0:37
Last Minute Offensive - 0:00
Last Minute Defensive - 0:00
Total
Forward - 60:00
Defense - 60:00
|
% Time on Ice - Detroit Red Wings
Lines # - Real PCT - Wanted PCT - Time Play
Normal Forward
1 - 30% - 35% - 15:19
2 - 33% - 35% - 16:28
3 - 22% - 20% - 11:19
4 - 15% - 10% - 7:34
Normal Defense
1 - 40% - 40% - 20:11
2 - 30% - 30% - 15:07
3 - 23% - 20% - 11:48
4 - 7% - 10% - 3:34
PP Forward
1 - 52% - 50% - 2:27
2 - 48% - 50% - 2:18
PP Defense
1 - 45% - 50% - 2:08
2 - 55% - 50% - 2:37
PK Forward
1 - 40% - 50% - 1:02
2 - 60% - 50% - 1:34
PK Defense
1 - 45% - 50% - 1:10
2 - 55% - 50% - 1:26
PK3 Forward
1 - 61% - 50% - 0:25
2 - 39% - 50% - 0:16
PK3 Defense
1 - 15% - 50% - 0:06
2 - 85% - 50% - 0:35
44 Forward
1 - 91% - 60% - 1:11
2 - 9% - 40% - 0:07
44 Defense
1 - 41% - 60% - 0:32
2 - 59% - 40% - 0:46
Last Minute Offensive - 0:00
Last Minute Defensive - 0:00
Total
Forward - 60:00
Defense - 60:00
|
Play-by-Play
1st period
0:01 of 1st period - Casey Cizikas wins face-off versus Steven Stamkos in neutral zone.
0:04 of 1st period - Zachary Werenski is hit by Casey Cizikas and loses puck.
0:25 of 1st period - Trevor van Riemsdyk is hit by Jeff Petry and loses puck.
0:51 of 1st period - Sean Kuraly is hit by Carter Verhaeghe.
0:54 of 1st period - Off-side.
0:55 of 1st period - Yakov Trenin wins face-off versus Radek Faksa in neutral zone.
1:00 of 1st period - Slapshot by Daniel Sprong.
1:00 of 1st period - Shot Misses the Net.
1:32 of 1st period - Wrist shot by Brendan Gallagher.
1:32 of 1st period - Shot Misses the Net.
2:58 of 1st period - Slapshot by Fredrik Olofsson.
2:58 of 1st period - Stopped by Calvin Pickard without a rebound.
2:59 of 1st period - Fredrik Olofsson wins face-off versus Mika Zibanejad in Detroit Red Wings zone.
3:06 of 1st period - Slapshot by Brett Murray.
3:06 of 1st period - Shot Misses the Net.
3:14 of 1st period - Snap shot by Brett Murray.
3:14 of 1st period - Shot Blocked by Jackson LaCombe.
4:08 of 1st period - Snap shot by Daniel Sprong.
4:08 of 1st period - Stopped by Connor Ingram with a rebound.
4:29 of 1st period - Wrist shot by Steven Stamkos.
4:29 of 1st period - Stopped by Connor Ingram with a rebound.
4:31 of 1st period - Slapshot by Patrick Kane.
4:31 of 1st period - Shot Misses the Net.
4:37 of 1st period - Wrist shot by Steven Stamkos.
4:37 of 1st period - Goal by Steven Stamkos - Philadelphia Flyers : 0 - Detroit Red Wings : 1.
4:38 of 1st period - Mika Zibanejad wins face-off versus Fredrik Olofsson in neutral zone.
4:41 of 1st period - Wrist shot by Carter Verhaeghe.
4:41 of 1st period - Shot Blocked by Marcel Marcel.
4:51 of 1st period - Slapshot by Brett Murray.
4:51 of 1st period - Stopped by Calvin Pickard with a rebound.
4:53 of 1st period - Slapshot by Trevor van Riemsdyk.
4:53 of 1st period - Stopped by Calvin Pickard without a rebound.
4:54 of 1st period - Casey Cizikas wins face-off versus Steven Stamkos in Detroit Red Wings zone.
5:21 of 1st period - Brandon Duhaime is hit by Tyler Johnson and loses puck.
5:26 of 1st period - Wrist shot by Carter Verhaeghe.
5:26 of 1st period - Goal by Carter Verhaeghe - Philadelphia Flyers : 0 - Detroit Red Wings : 2.
5:27 of 1st period - Fredrik Olofsson wins face-off versus Mika Zibanejad in neutral zone.
5:38 of 1st period - Wrist shot by Joel Edmundson.
5:38 of 1st period - Deflect By Brett Murray.
5:38 of 1st period - Stopped by Calvin Pickard without a rebound.
5:39 of 1st period - Steven Stamkos wins face-off versus Radek Faksa in Detroit Red Wings zone.
6:32 of 1st period - William Borgen is hit by Yakov Trenin and loses puck.
6:49 of 1st period - Snap shot by Sean Kuraly.
6:49 of 1st period - Shot Blocked by Zach Bogosian.
6:51 of 1st period - Slapshot by Joel Edmundson.
6:51 of 1st period - Deflect By Marcus Johansson.
6:51 of 1st period - Shot Misses the Net.
6:51 of 1st period - Puck is out of play.
6:52 of 1st period - Steven Stamkos wins face-off versus Sean Kuraly in Detroit Red Wings zone.
6:57 of 1st period - Trevor van Riemsdyk is hit by Jackson LaCombe and loses puck.
7:02 of 1st period - Slapshot by Steven Stamkos.
7:02 of 1st period - Stopped by Connor Ingram without a rebound.
7:03 of 1st period - Mika Zibanejad wins face-off versus Radek Faksa in Philadelphia Flyers zone.
7:34 of 1st period - Snap shot by Jeff Skinner.
7:34 of 1st period - Shot Misses the Net.
7:36 of 1st period - Slapshot by Joshua Brown.
7:36 of 1st period - Shot Misses the Net.
7:38 of 1st period - Snap shot by Jacob MacDonald.
7:38 of 1st period - Deflect By Jeff Skinner.
7:38 of 1st period - Deflect By Jared McCann.
7:38 of 1st period - Stopped by Calvin Pickard without a rebound.
7:39 of 1st period - Yakov Trenin wins face-off versus Fredrik Olofsson in Detroit Red Wings zone.
7:39 of 1st period - Yakov Trenin is hit by Marcel Marcel.
8:04 of 1st period - Shayne Gostisbehere is hit by Sean Kuraly and loses puck.
8:10 of 1st period - Off-side.
8:11 of 1st period - Radek Faksa wins face-off versus Mika Zibanejad in neutral zone.
8:14 of 1st period - Slapshot by Radek Faksa.
8:14 of 1st period - Stopped by Calvin Pickard without a rebound.
8:15 of 1st period - Radek Faksa wins face-off versus Mika Zibanejad in Detroit Red Wings zone.
10:14 of 1st period - Snap shot by Brett Murray.
10:14 of 1st period - Deflect By Fredrik Olofsson.
10:14 of 1st period - Stopped by Calvin Pickard with a rebound.
11:13 of 1st period - Off-side.
11:14 of 1st period - Fredrik Olofsson wins face-off versus Steven Stamkos in neutral zone.
11:39 of 1st period - Steven Stamkos is hit by Joel Edmundson and loses puck.
11:58 of 1st period - Slapshot by Steven Stamkos.
11:58 of 1st period - Goal by Steven Stamkos - Philadelphia Flyers : 0 - Detroit Red Wings : 3.
11:59 of 1st period - Jeff Skinner wins face-off versus Mika Zibanejad in neutral zone.
12:04 of 1st period - Snap shot by Casey Cizikas.
12:04 of 1st period - Stopped by Calvin Pickard with a rebound.
12:06 of 1st period - Slapshot by Casey Cizikas.
12:06 of 1st period - Stopped by Calvin Pickard without a rebound.
12:07 of 1st period - Casey Cizikas wins face-off versus Mika Zibanejad in Detroit Red Wings zone.
12:14 of 1st period - Slapshot by Jeff Skinner.
12:14 of 1st period - Shot Misses the Net.
12:16 of 1st period - Snap shot by Casey Cizikas.
12:16 of 1st period - Shot Blocked by Mika Zibanejad.
12:18 of 1st period - Slapshot by Joshua Brown.
12:18 of 1st period - Stopped by Calvin Pickard with a rebound.
12:20 of 1st period - Slapshot by Casey Cizikas.
12:20 of 1st period - Shot Misses the Net.
12:22 of 1st period - Slapshot by Joshua Brown.
12:22 of 1st period - Stopped by Calvin Pickard with a rebound.
12:34 of 1st period - Icing by Yakov Trenin.
12:35 of 1st period - Yakov Trenin wins face-off versus Radek Faksa in Detroit Red Wings zone.
12:44 of 1st period - Slapshot by Radek Faksa.
12:44 of 1st period - Stopped by Calvin Pickard with a rebound.
12:46 of 1st period - Snap shot by Joel Edmundson.
12:46 of 1st period - Shot Misses the Net.
12:48 of 1st period - Snap shot by Brandon Duhaime.
12:48 of 1st period - Stopped by Calvin Pickard with a rebound.
12:50 of 1st period - Slapshot by Joel Edmundson.
12:50 of 1st period - Shot Misses the Net.
12:52 of 1st period - Slapshot by William Borgen.
12:52 of 1st period - Stopped by Calvin Pickard without a rebound.
12:53 of 1st period - Mika Zibanejad wins face-off versus Marcel Marcel in Detroit Red Wings zone.
13:18 of 1st period - Marcel Marcel is hit by Christian Fischer and loses puck.
13:35 of 1st period - Snap shot by Brett Murray.
13:35 of 1st period - Shot Blocked by Yakov Trenin.
13:37 of 1st period - Wrist shot by William Borgen.
13:37 of 1st period - Deflect By Shayne Gostisbehere.
13:37 of 1st period - Stopped by Calvin Pickard without a rebound.
13:38 of 1st period - Patrick Kane wins face-off versus Sean Kuraly in Detroit Red Wings zone.
14:25 of 1st period - Off-side.
14:26 of 1st period - Kevin Stenlund wins face-off versus Luke Glendening in neutral zone.
14:57 of 1st period - Mika Zibanejad is hit by Luke Glendening.
15:33 of 1st period - Trevor van Riemsdyk is hit by Jeff Petry and loses puck.
16:59 of 1st period - Daniel Sprong is hit by Radek Faksa and loses puck.
17:22 of 1st period - Keegan Kolesar is hit by Brett Murray and loses puck.
17:45 of 1st period - Wrist shot by Carter Verhaeghe.
17:45 of 1st period - Stopped by Connor Ingram without a rebound.
17:46 of 1st period - Casey Cizikas wins face-off versus Steven Stamkos in Philadelphia Flyers zone.
18:13 of 1st period - Vladislav Gavrikov is hit by Carter Verhaeghe and loses puck.
18:42 of 1st period - Slapshot by Brandon Duhaime.
18:42 of 1st period - Deflect By Daniel Sprong.
18:42 of 1st period - Shot Blocked by Jeff Petry.
18:42 of 1st period - Puck is out of play.
18:43 of 1st period - Casey Cizikas wins face-off versus Steven Stamkos in Detroit Red Wings zone.
18:46 of 1st period - Snap shot by Jeff Skinner.
18:46 of 1st period - Shot Misses the Net.
18:54 of 1st period - Wrist shot by Patrick Kane.
18:54 of 1st period - Deflect By Jared McCann.
18:54 of 1st period - Shot Blocked by Cody Glass.
18:54 of 1st period - Puck is out of play.
18:55 of 1st period - Steven Stamkos wins face-off versus Sean Kuraly in Philadelphia Flyers zone.
19:06 of 1st period - William Borgen is hit by Steven Stamkos and loses puck.
Goals for this period are 0 for Philadelphia Flyers vs 3 for Detroit Red Wings.
Shots for this period are 15 for Philadelphia Flyers vs 7 for Detroit Red Wings.
2nd period
0:01 of 2nd period - Casey Cizikas wins face-off versus Steven Stamkos in neutral zone.
0:08 of 2nd period - Wrist shot by Jeff Skinner.
0:08 of 2nd period - Stopped by Calvin Pickard with a rebound.
0:14 of 2nd period - Snap shot by Steven Stamkos.
0:14 of 2nd period - Shot Misses the Net.
0:16 of 2nd period - Snap shot by Steven Stamkos.
0:16 of 2nd period - Stopped by Connor Ingram without a rebound.
0:17 of 2nd period - Mika Zibanejad wins face-off versus Sean Kuraly in Philadelphia Flyers zone.
0:30 of 2nd period - Wrist shot by Tyler Johnson.
0:30 of 2nd period - Shot Blocked by Jacob MacDonald.
0:42 of 2nd period - Radek Faksa is hit by Jared McCann and loses puck.
1:45 of 2nd period - Trevor van Riemsdyk is hit by Carter Verhaeghe and loses puck.
1:50 of 2nd period - Wrist shot by Mika Zibanejad.
1:50 of 2nd period - Deflect By Carter Verhaeghe.
1:50 of 2nd period - Shot Misses the Net.
1:50 of 2nd period - Puck is out of play.
1:51 of 2nd period - Steven Stamkos wins face-off versus Radek Faksa in Philadelphia Flyers zone.
2:18 of 2nd period - Joel Edmundson is hit by Tyler Johnson and loses puck.
2:23 of 2nd period - Wrist shot by Carter Verhaeghe.
2:23 of 2nd period - Shot Blocked by William Borgen.
2:25 of 2nd period - Snap shot by Carter Verhaeghe.
2:25 of 2nd period - Shot Misses the Net.
4:08 of 2nd period - Slapshot by Marcus Johansson.
4:08 of 2nd period - Shot Blocked by Shayne Gostisbehere.
4:45 of 2nd period - Snap shot by Steven Stamkos.
4:45 of 2nd period - Stopped by Connor Ingram with a rebound.
4:57 of 2nd period - William Borgen is hit by Zachary Werenski.
5:01 of 2nd period - William Borgen is hit by Jeff Petry and loses puck.
5:20 of 2nd period - Wrist shot by Brendan Gallagher.
5:20 of 2nd period - Stopped by Connor Ingram with a rebound.
5:22 of 2nd period - Slapshot by Jeff Petry.
5:22 of 2nd period - Shot Blocked by William Borgen.
5:24 of 2nd period - Slapshot by Jeff Petry.
5:24 of 2nd period - Deflect By Brendan Gallagher.
5:24 of 2nd period - Stopped by Connor Ingram without a rebound.
5:25 of 2nd period - Steven Stamkos wins face-off versus Radek Faksa in Philadelphia Flyers zone.
5:28 of 2nd period - Slapshot by Patrick Kane.
5:28 of 2nd period - Shot Blocked by Jacob MacDonald.
5:30 of 2nd period - Snap shot by Steven Stamkos.
5:30 of 2nd period - Shot Blocked by Radek Faksa.
6:11 of 2nd period - Zachary Werenski is hit by Alex Swetlikoff and loses puck.
6:17 of 2nd period - Off-side.
6:18 of 2nd period - Sean Kuraly wins face-off versus Steven Stamkos in neutral zone.
6:20 of 2nd period - Minor Penalty to Marcus Johansson for Cross-checking.
6:21 of 2nd period - Steven Stamkos wins face-off versus Radek Faksa in Philadelphia Flyers zone.
6:56 of 2nd period - Snap shot by Patrick Kane.
6:56 of 2nd period - Shot Misses the Net.
6:58 of 2nd period - Snap shot by Erik Brannstrom.
6:58 of 2nd period - Shot Blocked by Trevor van Riemsdyk.
7:00 of 2nd period - Wrist shot by Jared McCann.
7:00 of 2nd period - Shot Misses the Net.
7:39 of 2nd period - Snap shot by Mika Zibanejad.
7:39 of 2nd period - Shot Misses the Net.
8:19 of 2nd period - Snap shot by Daniel Sprong.
8:19 of 2nd period - Stopped by Connor Ingram with a rebound.
8:20 of 2nd period - Penalty to Marcus Johansson is over, Marcus Johansson is back on ice.
8:21 of 2nd period - Snap shot by Shayne Gostisbehere.
8:21 of 2nd period - Shot Blocked by Alex Swetlikoff.
8:31 of 2nd period - Vladislav Gavrikov is hit by Daniel Sprong and loses puck.
8:56 of 2nd period - Slapshot by Brett Murray.
8:56 of 2nd period - Shot Misses the Net.
8:58 of 2nd period - Slapshot by Jeff Skinner.
8:58 of 2nd period - Stopped by Calvin Pickard without a rebound.
8:59 of 2nd period - Mika Zibanejad wins face-off versus Cody Glass in Detroit Red Wings zone.
10:19 of 2nd period - Jeff Skinner is hit by Yakov Trenin and loses puck.
10:43 of 2nd period - Slapshot by Kevin Stenlund.
10:43 of 2nd period - Stopped by Connor Ingram without a rebound.
10:44 of 2nd period - Radek Faksa wins face-off versus Kevin Stenlund in Philadelphia Flyers zone.
10:53 of 2nd period - Slapshot by Shayne Gostisbehere.
10:53 of 2nd period - Stopped by Connor Ingram with a rebound.
10:55 of 2nd period - Wrist shot by Kevin Stenlund.
10:55 of 2nd period - Stopped by Connor Ingram without a rebound.
10:56 of 2nd period - Steven Stamkos wins face-off versus Casey Cizikas in Philadelphia Flyers zone.
11:03 of 2nd period - Wrist shot by Steven Stamkos.
11:03 of 2nd period - Stopped by Connor Ingram without a rebound.
11:04 of 2nd period - Casey Cizikas wins face-off versus Steven Stamkos in Philadelphia Flyers zone.
11:29 of 2nd period - Wrist shot by Patrick Kane.
11:29 of 2nd period - Stopped by Connor Ingram with a rebound.
11:37 of 2nd period - Wrist shot by Radek Faksa.
11:37 of 2nd period - Shot Misses the Net.
12:11 of 2nd period - Slapshot by Yakov Trenin.
12:11 of 2nd period - Shot Misses the Net.
12:13 of 2nd period - Wrist shot by Christian Fischer.
12:13 of 2nd period - Deflect By Daniel Sprong.
12:13 of 2nd period - Shot Blocked by William Borgen.
12:13 of 2nd period - Puck is out of play.
12:14 of 2nd period - Mika Zibanejad wins face-off versus Casey Cizikas in Philadelphia Flyers zone.
12:27 of 2nd period - Wrist shot by Carter Verhaeghe.
12:27 of 2nd period - Stopped by Connor Ingram with a rebound.
12:29 of 2nd period - Backhand shot by Carter Verhaeghe.
12:29 of 2nd period - Stopped by Connor Ingram with a rebound.
12:39 of 2nd period - Jacob MacDonald is hit by Brendan Gallagher and loses puck.
12:44 of 2nd period - Slapshot by Brendan Gallagher.
12:44 of 2nd period - Shot Blocked by Jeff Skinner.
13:04 of 2nd period - Slapshot by Daniel Sprong.
13:04 of 2nd period - Shot Misses the Net.
13:06 of 2nd period - Wrist shot by Yakov Trenin.
13:06 of 2nd period - Shot Misses the Net.
13:08 of 2nd period - Slapshot by Jeff Petry.
13:08 of 2nd period - Shot Blocked by Cody Glass.
13:10 of 2nd period - Wrist shot by Yakov Trenin.
13:10 of 2nd period - Stopped by Connor Ingram without a rebound.
13:11 of 2nd period - Steven Stamkos wins face-off versus Radek Faksa in Philadelphia Flyers zone.
13:18 of 2nd period - Wrist shot by Radek Faksa.
13:18 of 2nd period - Shot Misses the Net.
13:20 of 2nd period - Slapshot by Trevor van Riemsdyk.
13:20 of 2nd period - Shot Misses the Net.
13:22 of 2nd period - Slapshot by Radek Faksa.
13:22 of 2nd period - Shot Blocked by Patrick Kane.
13:24 of 2nd period - Slapshot by Vladislav Gavrikov.
13:24 of 2nd period - Stopped by Calvin Pickard with a rebound.
14:00 of 2nd period - Wrist shot by Vladislav Gavrikov.
14:00 of 2nd period - Stopped by Calvin Pickard with a rebound.
14:02 of 2nd period - Backhand shot by Fredrik Olofsson.
14:02 of 2nd period - Stopped by Calvin Pickard with a rebound.
14:04 of 2nd period - Slapshot by Vladislav Gavrikov.
14:04 of 2nd period - Shot Blocked by Shayne Gostisbehere.
14:06 of 2nd period - Snap shot by Vladislav Gavrikov.
14:06 of 2nd period - Stopped by Calvin Pickard without a rebound.
14:07 of 2nd period - Sean Kuraly wins face-off versus Patrick Kane in Detroit Red Wings zone.
14:34 of 2nd period - Carter Verhaeghe is hit by Brandon Duhaime and loses puck.
14:43 of 2nd period - Mika Zibanejad is hit by Joshua Brown and loses puck.
15:00 of 2nd period - Wrist shot by Yakov Trenin.
15:00 of 2nd period - Stopped by Connor Ingram with a rebound.
16:39 of 2nd period - Vladislav Gavrikov is hit by Patrick Kane and loses puck.
16:54 of 2nd period - Snap shot by Brandon Duhaime.
16:54 of 2nd period - Shot Misses the Net.
16:56 of 2nd period - Snap shot by Radek Faksa.
16:56 of 2nd period - Shot Misses the Net.
16:58 of 2nd period - Slapshot by Radek Faksa.
16:58 of 2nd period - Deflect By Patrick Kane.
16:58 of 2nd period - Stopped by Calvin Pickard with a rebound.
17:00 of 2nd period - Wrist shot by Radek Faksa.
17:00 of 2nd period - Shot Misses the Net.
17:02 of 2nd period - Snap shot by Luke Glendening.
17:02 of 2nd period - Shot Blocked by Jeff Petry.
17:04 of 2nd period - Slapshot by Trevor van Riemsdyk.
17:04 of 2nd period - Deflect By Radek Faksa.
17:04 of 2nd period - Shot Misses the Net.
17:04 of 2nd period - Puck is out of play.
17:05 of 2nd period - Fredrik Olofsson wins face-off versus Mika Zibanejad in Detroit Red Wings zone.
17:31 of 2nd period - Off-side.
17:32 of 2nd period - Sean Kuraly wins face-off versus Yakov Trenin in neutral zone.
17:39 of 2nd period - Icing by Yakov Trenin.
17:40 of 2nd period - Yakov Trenin wins face-off versus Sean Kuraly in Detroit Red Wings zone.
17:40 of 2nd period - Yakov Trenin is hit by Vladislav Gavrikov.
17:48 of 2nd period - Snap shot by Daniel Sprong.
17:48 of 2nd period - Shot Misses the Net.
17:50 of 2nd period - Snap shot by Daniel Sprong.
17:50 of 2nd period - Stopped by Connor Ingram without a rebound.
17:51 of 2nd period - Brett Murray wins face-off versus Mika Zibanejad in Philadelphia Flyers zone.
17:57 of 2nd period - Off-side.
17:58 of 2nd period - Mika Zibanejad wins face-off versus Fredrik Olofsson in neutral zone.
18:04 of 2nd period - Snap shot by Shayne Gostisbehere.
18:04 of 2nd period - Shot Misses the Net.
18:08 of 2nd period - Wrist shot by Tyler Johnson.
18:08 of 2nd period - Shot Misses the Net.
18:10 of 2nd period - Snap shot by Carter Verhaeghe.
18:10 of 2nd period - Goal by Carter Verhaeghe - Philadelphia Flyers : 0 - Detroit Red Wings : 4.
18:11 of 2nd period - Sean Kuraly wins face-off versus Steven Stamkos in neutral zone.
18:21 of 2nd period - Snap shot by Marcus Johansson.
18:21 of 2nd period - Deflect By Sean Kuraly.
18:21 of 2nd period - Stopped by Calvin Pickard without a rebound.
18:22 of 2nd period - Steven Stamkos wins face-off versus Sean Kuraly in Detroit Red Wings zone.
18:54 of 2nd period - Slapshot by Brett Murray.
18:54 of 2nd period - Stopped by Calvin Pickard without a rebound.
18:55 of 2nd period - Radek Faksa wins face-off versus Mika Zibanejad in Detroit Red Wings zone.
18:58 of 2nd period - Slapshot by Brandon Duhaime.
18:58 of 2nd period - Stopped by Calvin Pickard with a rebound.
19:02 of 2nd period - Slapshot by Radek Faksa.
19:02 of 2nd period - Shot Misses the Net.
19:04 of 2nd period - Slapshot by Luke Glendening.
19:04 of 2nd period - Shot Misses the Net.
19:22 of 2nd period - Trevor van Riemsdyk is hit by Jared McCann and loses puck.
19:43 of 2nd period - Snap shot by Sean Kuraly.
19:43 of 2nd period - Shot Misses the Net.
Goals for this period are 0 for Philadelphia Flyers vs 1 for Detroit Red Wings.
Shots for this period are 10 for Philadelphia Flyers vs 16 for Detroit Red Wings.
3rd period
0:01 of 3rd period - Mika Zibanejad wins face-off versus Radek Faksa in neutral zone.
0:03 of 3rd period - Minor Penalty to Carter Verhaeghe for Cross-checking.
0:04 of 3rd period - Mika Zibanejad wins face-off versus Casey Cizikas in Detroit Red Wings zone.
2:03 of 3rd period - Penalty to Carter Verhaeghe is over, Carter Verhaeghe is back on ice.
2:12 of 3rd period - Slapshot by Steven Stamkos.
2:12 of 3rd period - Stopped by Connor Ingram without a rebound.
2:13 of 3rd period - Jared McCann wins face-off versus Fredrik Olofsson in Philadelphia Flyers zone.
2:32 of 3rd period - Minor Penalty to Joshua Brown for Tripping.
2:33 of 3rd period - Sean Kuraly wins face-off versus Mika Zibanejad in Philadelphia Flyers zone.
3:07 of 3rd period - Slapshot by Patrick Kane.
3:07 of 3rd period - Stopped by Connor Ingram with a rebound.
3:09 of 3rd period - Slapshot by Erik Brannstrom.
3:09 of 3rd period - Stopped by Connor Ingram with a rebound.
3:11 of 3rd period - Snap shot by Steven Stamkos.
3:11 of 3rd period - Stopped by Connor Ingram with a rebound.
3:13 of 3rd period - Backhand shot by Steven Stamkos.
3:13 of 3rd period - Goal by Steven Stamkos - Philadelphia Flyers : 0 - Detroit Red Wings : 5.
3:14 of 3rd period - Radek Faksa wins face-off versus Mika Zibanejad in neutral zone.
3:17 of 3rd period - Tyler Johnson is hit by Vladislav Gavrikov and loses puck.
3:44 of 3rd period - Jared McCann is hit by Cody Glass and loses puck.
3:50 of 3rd period - Icing by Steven Stamkos.
3:51 of 3rd period - Casey Cizikas wins face-off versus Steven Stamkos in Detroit Red Wings zone.
4:16 of 3rd period - Zachary Werenski is hit by Sean Kuraly and loses puck.
4:27 of 3rd period - Snap shot by Mika Zibanejad.
4:27 of 3rd period - Goal by Mika Zibanejad - Philadelphia Flyers : 0 - Detroit Red Wings : 6.
4:28 of 3rd period - Steven Stamkos wins face-off versus Radek Faksa in neutral zone.
4:32 of 3rd period - Off-side.
4:33 of 3rd period - Steven Stamkos wins face-off versus Radek Faksa in neutral zone.
4:36 of 3rd period - Slapshot by Zachary Werenski.
4:36 of 3rd period - Shot Blocked by Brandon Duhaime.
4:38 of 3rd period - Snap shot by Jared McCann.
4:38 of 3rd period - Stopped by Connor Ingram with a rebound.
4:39 of 3rd period - Brandon Duhaime beats up Jared McCann.
4:39 of 3rd period - Penalty to Jared McCann for Fighting.
4:39 of 3rd period - Penalty to Brandon Duhaime for Fighting.
4:40 of 3rd period - Mika Zibanejad wins face-off versus Fredrik Olofsson in Philadelphia Flyers zone.
6:09 of 3rd period - Snap shot by Carter Verhaeghe.
6:09 of 3rd period - Stopped by Connor Ingram with a rebound.
6:51 of 3rd period - Minor Penalty to Brendan Gallagher for Cross-checking.
6:52 of 3rd period - Sean Kuraly wins face-off versus Kevin Stenlund in Detroit Red Wings zone.
7:04 of 3rd period - Wrist shot by Sean Kuraly.
7:04 of 3rd period - Stopped by Calvin Pickard with a rebound.
7:06 of 3rd period - Slapshot by Cody Glass.
7:06 of 3rd period - Stopped by Calvin Pickard without a rebound.
7:07 of 3rd period - Mika Zibanejad wins face-off versus Casey Cizikas in Detroit Red Wings zone.
7:18 of 3rd period - Snap shot by Marcus Johansson.
7:18 of 3rd period - Deflect By Jeff Skinner.
7:18 of 3rd period - Stopped by Calvin Pickard with a rebound.
7:22 of 3rd period - Snap shot by Jeff Skinner.
7:22 of 3rd period - Shot Misses the Net.
7:28 of 3rd period - Minor Penalty to Keegan Kolesar for Holding.
7:29 of 3rd period - Mika Zibanejad wins face-off versus Sean Kuraly in Detroit Red Wings zone.
7:34 of 3rd period - Minor Penalty to Radek Faksa for Slashing.
7:35 of 3rd period - Jeff Skinner wins face-off versus Mika Zibanejad in Philadelphia Flyers zone.
8:09 of 3rd period - Slapshot by Cody Glass.
8:09 of 3rd period - Goal by Cody Glass - Philadelphia Flyers : 1 - Detroit Red Wings : 6.
8:10 of 3rd period - Sean Kuraly wins face-off versus Mika Zibanejad in neutral zone.
8:13 of 3rd period - Carter Verhaeghe is hit by Cody Glass and loses puck.
9:28 of 3rd period - Penalty to Keegan Kolesar is over, Keegan Kolesar is back on ice.
9:34 of 3rd period - Penalty to Radek Faksa is over, Radek Faksa is back on ice.
10:21 of 3rd period - Off-side.
10:22 of 3rd period - Yakov Trenin wins face-off versus Fredrik Olofsson in neutral zone.
10:51 of 3rd period - Slapshot by Carter Verhaeghe.
10:51 of 3rd period - Stopped by Connor Ingram with a rebound.
10:53 of 3rd period - Slapshot by Zach Bogosian.
10:53 of 3rd period - Deflect By Brett Murray.
10:53 of 3rd period - Stopped by Connor Ingram without a rebound.
10:54 of 3rd period - Mika Zibanejad wins face-off versus Radek Faksa in Philadelphia Flyers zone.
11:02 of 3rd period - Snap shot by Tyler Johnson.
11:02 of 3rd period - Shot Misses the Net.
11:16 of 3rd period - Alex Swetlikoff is hit by Zachary Werenski and loses puck.
11:22 of 3rd period - Off-side.
11:23 of 3rd period - Brett Murray wins face-off versus Patrick Kane in neutral zone.
12:10 of 3rd period - Icing by Trevor van Riemsdyk.
12:11 of 3rd period - Radek Faksa wins face-off versus Kevin Stenlund in Philadelphia Flyers zone.
12:26 of 3rd period - Slapshot by Brendan Gallagher.
12:26 of 3rd period - Stopped by Connor Ingram without a rebound.
12:27 of 3rd period - Steven Stamkos wins face-off versus Sean Kuraly in Philadelphia Flyers zone.
12:33 of 3rd period - William Borgen beats up Jeff Petry.
12:33 of 3rd period - Penalty to Jeff Petry for Fighting.
12:33 of 3rd period - Penalty to William Borgen for Fighting.
12:33 of 3rd period - Penalty to William Borgen for instigated a fight.
12:33 of 3rd period - Penalty to William Borgen for instigated and being the aggresor in a fight.
12:33 of 3rd period - William Borgen is ejected from game.
12:34 of 3rd period - Casey Cizikas wins face-off versus Steven Stamkos in Philadelphia Flyers zone.
12:43 of 3rd period - Slapshot by Patrick Kane.
12:43 of 3rd period - Shot Misses the Net.
14:01 of 3rd period - Trevor van Riemsdyk is hit by Shayne Gostisbehere.
14:33 of 3rd period - Penalty to William Borgen is over, Jeff Skinner is send on ice.
14:40 of 3rd period - Snap shot by Fredrik Olofsson.
14:40 of 3rd period - Shot Blocked by Erik Brannstrom.
14:59 of 3rd period - Yakov Trenin is hit by Sean Kuraly and loses puck.
15:14 of 3rd period - Yakov Trenin is hit by Jeff Skinner and loses puck.
15:36 of 3rd period - Keegan Kolesar is hit by Joel Edmundson and loses puck.
17:59 of 3rd period - Jackson LaCombe is hit by Joshua Brown and loses puck.
18:16 of 3rd period - Sean Kuraly is hit by Zachary Werenski and loses puck.
18:31 of 3rd period - Slapshot by Fredrik Olofsson.
18:31 of 3rd period - Stopped by Calvin Pickard with a rebound.
18:47 of 3rd period - Yakov Trenin is hit by Radek Faksa and loses puck.
19:10 of 3rd period - Brendan Gallagher is hit by Jeff Skinner.
19:25 of 3rd period - Patrick Kane is hit by Vladislav Gavrikov and loses puck.
19:40 of 3rd period - Brett Murray is hit by Jackson LaCombe.
Goals for this period are 1 for Philadelphia Flyers vs 2 for Detroit Red Wings.
Shots for this period are 5 for Philadelphia Flyers vs 11 for Detroit Red Wings.
Back to the Top